 Dungeon Crawl Stone Soup version 0.31-a0-236-g9a0961fb85 (webtiles) character file.

Game seed: 1724256590325200994

118 reriks the Magician (level 4, -2/24 HPs)
             Began as a Deep Elf Fire Elementalist on July 11, 2023.
             Was an Initiate of Cheibriados.
             Killed from afar by an orc wizard (9 damage)
             ... with a puff of flame
             ... on level 4 of the Dungeon.
             The game lasted 00:04:26 (3386 turns).

reriks the Magician (Deep Elf Fire Elementalist)    Turns: 3386, Time: 00:04:27

Health: -2/24      AC:  2    Str:  6    XL:     4   Next: 72%
Magic:  4/12       EV: 12    Int: 23    God:    Cheibriados [......]
Gold:   144        SH:  0    Dex: 16    Spells: 3/12 levels left

rFire   . . .        f - +1 mace (holy)
rCold   . . .        (no shield)
rNeg    . . .        a - +0 robe
rPois   .            (no helmet)
rElec   .            (no cloak)
rCorr   .            (no gloves)
SInv    .            (no boots)
Will    .....        (no amulet)
Stlth   ++           (no ring)
HPRegen 0.24/turn    (no ring)
MPRegen 0.13/turn

%: no passive effects
@: very slow
A: no striking features
a: Renounce Religion


You were on level 4 of the Dungeon.
You worshipped Cheibriados.
Cheibriados was noncommittal.
You visited 1 branch of the dungeon, and saw 4 of its levels.

You collected 144 gold pieces.

Inventory:

Hand Weapons
 d - a +0 club
 f - a +1 mace of holy wrath (weapon)
 n - a +0 morningstar
Missiles
 g - 2 throwing nets
Armour
 a - a +0 robe (worn)
Jewellery
 o - a ring of resist corrosion
 t - a +6 ring of strength
Wands
 r - a wand of digging (7)
Scrolls
 c - a scroll of identify {unknown}
 l - a scroll of teleportation {unknown}
 p - a scroll of vulnerability {unknown}
 q - a scroll of noise {unknown}
Potions
 b - a potion of magic
 e - a potion of enlightenment {unknown}
 h - a potion of haste {unknown}
 i - 2 potions of attraction {unknown}
 j - a potion of berserk rage {unknown}
 k - a potion of lignification {unknown}
 m - a potion of curing {unknown}
 s - 2 potions of heal wounds {unknown}


   Skills:
 - Level 2.4 Dodging
 - Level 2.4 Stealth
 + Level 4.6 Spellcasting
 + Level 2.9 Conjurations
 + Level 4.3 Fire Magic


You had 3 spell levels left.
You knew the following spells:

 Your Spells              Type           Power      Damage    Failure   Level
a - Foxfire               Conj/Fire      88%        2x1d8     2%          1
b - Scorch                Fire           50%        2d7       2%          2
c - Volatile Blastmotes   Fire/Tloc      30%        2d12      12%         3
d - Inner Flame           Hex/Fire       15%        N/A       12%         3

Your spell library contained the following spells:

 Spells                   Type           Power      Damage    Failure   Level
 Freeze                   Ice            20%        1d4       10%         1
 Necrotise                Necr           20%        1d5       10%         1
 Hailstorm                Conj/Ice       12%        3d5       16%         3
 Frozen Ramparts          Ice            10%        1d2       30%         3
 Vampiric Draining        Necr           5%         2d6       30%         3
 Flame Wave               Conj/Fire      22%        2d8       22%         4
 Cause Fear               Hex            2%         N/A       69%         4
 Agony                    Necr           5%         N/A       95%         5
 Dragon Form              Tmut           2%         N/A       100%        7
 Dragon's Call            Summ           2%         N/A       100%        9


Dungeon Overview and Level Annotations

Branches:
Dungeon (4/15)
 Temple: D:4-7

Altars:
Cheibriados


Message History

Flames lash the orc wizard but do no damage.
The orc wizard barely misses you.
Casting: Scorch (safe; 2% risk of failure)
Confirm with . or Enter, or press ? or * to list all spells.
Flames lash the orc.
The orc is lightly wounded.
The orc's fire resistance burns away.
The orc wizard points at you and mumbles some strange words.
The puff of flame hits you.
The orc wizard hits you with a +0 dagger.
The orc wizard attacks as you move away!
The orc wizard hits you but does no damage.
The orc is no longer more vulnerable to fire.
The orc wizard mumbles some strange words.
The orc wizard flickers and vanishes!
Deactivating autopickup; reactivate with Ctrl-A.
Casting: Scorch (safe; 2% risk of failure)
Confirm with . or Enter, or press ? or * to list all spells.
Flames lash the orc.
You kill the orc!
Cheibriados appreciates the change of pace.
An orc comes into view. It is wielding a +0 flail.
Okay, then.
Unknown command.
Something hits you. x2
* * * LOW HITPOINT WARNING * * *
The orc wizard gestures wildly while chanting.
The orc wizard flickers and vanishes!
Something hits you but does no damage.
There is a stone staircase leading down here.
Something hits you but does no damage.
You climb downwards.
Reactivating autopickup.
Found a scroll labelled JYOWOLOZAE.
There is a stone staircase leading up here.
You hear some strange, mumbled words.
A puff of flame appears from out of thin air!
Deactivating autopickup; reactivate with Ctrl-A.
The puff of flame hits you!
You die...

#######
.....?#
###......#
#........#
#.@......#
#{.......#
#.#......#
.. #######
... ...#
..#. ...#.


There were no monsters in sight!

Vanquished Creatures
  Jessica (D:2)
  3 adders (D:2)
  3 dart slugs
  An orc (D:3)
  3 bats
  6 endoplasms
  2 giant cockroaches
  4 hobgoblins (D:1)
  7 jackals
  4 quokkas
  2 ball pythons
  3 frilled lizards
  6 goblins
  3 kobolds
  5 rats
53 creatures vanquished.

Vanquished Creatures (others)
  126 foxfires
126 creatures vanquished.

Grand Total: 179 creatures vanquished

Notes
Turn   | Place    | Note
-------+----------+-------------------------------------------
     0 | D:1      | reriks the Deep Elf Fire Elementalist began the quest for
                  | the Orb.
     0 | D:1      | Reached XP level 1. HP: 10/10 MP: 6/6
   310 | D:1      | Reached XP level 2. HP: 3/15 MP: 1/8
  1111 | D:1      | Learned a level 2 spell: Scorch
  1170 | D:1      | Reached XP level 3. HP: 19/19 MP: 8/10
  1567 | D:2      | Learned a level 3 spell: Volatile Blastmotes
  2274 | D:2      | Reached XP level 4. HP: 24/24 MP: 7/12
  2376 | D:2      | Found a snail-covered altar of Cheibriados.
  2436 | D:2      | Became a worshipper of Cheibriados the Contemplative
  2469 | D:2      | Noticed Jessica
  2472 | D:2      | Killed Jessica
  2936 | D:3      | Learned a level 3 spell: Inner Flame
  3342 | D:3      | Found a faded altar of an unknown god.
  3386 | D:4      | Killed from afar by an orc wizard

Illustrated notes

Levels and vault maps discovered:
D:1:      spicycebolla_green_bress_n_ham_2, layout_loops_ring
D:2:      minmay_general_purpose_star, layout_basic, basic_altar, uniq_jessica
D:3:      layout_basic, grunt_temple_overflow_open,
          lemuel_coloured_pillars_altar, shapermc_ecumenical_altar_flowoftime,
          minmay_misc_feat_x
D:4:      layout_basic, minmay_temple_entry_tees, minmay_misc_feat_room,
          hex_tiny, grunt_decor_junction

Skill      XL: |  1  2  3 |
---------------+----------+-----
Conjurations   | 2 |  2.9
Spellcasting   | 4 |  4.6
Fire Magic     | 4 |  4.3
Dodging        | |  2.4
Stealth        | |  2.4

Action                     |  1- 3 |  4- 6 || total
---------------------------+-------+-------++-------
   Cast: Foxfire           |    61 |    16 ||    77
         Scorch            |     8 |     6 ||    14
         Volatile Blastmot |     2 |     1 ||     3
 Armour: Robe              |     3 |     3 ||     6
  Dodge: Dodged            |    26 |     2 ||    28

Table legend: (Time is in decaauts)
 A = Elapsed time spent in this place.
 B = Non-inter-level travel time spent in this place.
 C = Inter-level travel time spent in this place.
 D = Time resting spent in this place.
 E = Time spent auto-exploring this place.
 F = Levels seen in this place.
 G = Mean time per level.
                   A        B        C        D        E       F      G
               +--------+--------+--------+--------+--------+-----+--------+
         Total |   3588 |   3554 |     34 |   1282 |   1827 |   4 |  897.0 |
       Dungeon |   3588 |   3554 |     34 |   1282 |   1827 |   4 |  897.0 |
               +--------+--------+--------+--------+--------+-----+--------+

Top non-repeatable levels by time:
     D:1: 1555 daAuts
     D:2: 1340 daAuts
     D:3: 692 daAuts
     D:4: 0 daAuts
